 Dungeon Crawl Stone Soup version 0.30.0-10-gfe55d96785 (webtiles) character file.

Game seed: 10895709529806108431

777 qw the Chopper (level 7, 0/44 HPs)
             Began as a Gargoyle Cinder Acolyte on May 18, 2023.
             Was an Elder of Ignis.
             Slain by a troll (6 damage)
             ... on level 5 of the Dungeon.
             The game lasted 00:02:12 (3578 turns).

qw the Chopper (Gargoyle Cinder Acolyte)            Turns: 3578, Time: 00:02:12

Health: 0/44       AC: 19    Str: 19    XL:     7   Next: 84%
Magic:  8/8        EV:  9    Int: 13    God:    Ignis [****..]
Gold:   177        SH:  0    Dex:  5    Spells: 8/8 levels left

rFire   + . .        Y - +0 hand axe (flame)
rCold   . . .        (no shield)
rNeg    + . .        n - +0 scale mail
rPois   inf          d - +0 helmet
rElec   +            (no cloak)
rCorr   .            (no gloves)
SInv    .            (no boots)
Will    .....        (no amulet) Stlth
                     (no ring)
HPRegen 0.27/turn    (no ring)
MPRegen 0.11/turn

%: no passive effects
@: fiery-armoured
A: sickness immunity, AC +4, negative energy resistance 1, electricity
resistance, torment resistance 1, petrification resistance, dopey 1
a: Renounce Religion, Fiery Armour, Foxfire Swarm, Rising Flame


You were on level 5 of the Dungeon.
You worshipped Ignis.
Ignis was greatly pleased with you.
You visited 1 branch of the dungeon, and saw 5 of its levels.

You collected 237 gold pieces.
You spent 60 gold pieces at shops.


Innate Abilities, Weirdness & Mutations

You are immune to sickness and miasma.
Your stone body is resilient. (AC +4)
You are immune to poison.
You resist negative energy. (rN+)
You are resistant to electric shocks. (rElec)
You are resistant to unholy torment.
You are immune to petrification.
You are dopey. (Int -2)


   Skills:
 - Level 4.9 Fighting
 + Level 6.6 Axes
 - Level 2.5 Throwing
 - Level 2.3 Armour
 - Level 1.0 Spellcasting
 - Level 3.0 Fire Magic


You had 8 spell levels left.
You didn't know any spells.
Your spell library contained the following spells:

 Spells                   Type           Power      Damage    Failure   Level
 Scorch                   Fire           16%        2d5       36%         2

Inventory:

Hand Weapons
 Y - a +0 hand axe of flaming (weapon)
Missiles
 b - 4 silver javelins (quivered)
 h - a boomerang
Armour
 d - a +0 helmet (worn)
 n - a +0 scale mail (worn)
Scrolls
 i - 2 scrolls of identify
Potions
 a - 2 potions of experience {unknown}
 c - 3 potions of might
 e - 3 potions of resistance
 g - a potion of haste
 j - 3 potions of curing
 o - a potion of mutation

Dungeon Overview and Level Annotations

Branches:
Dungeon (5/15)
 Temple: D:4-7

Altars:
Cheibriados
Sif Muna
Xom
The Shining One

Shops:
D:2 !


Message History

The phantom is almost destroyed.
You barely miss the troll. The troll bites you but does no damage.
The troll barely misses you. x2
The phantom barely misses you.
You barely miss the phantom.
The phantom is almost destroyed.
You barely miss the troll. The troll bites you. The troll barely misses you.
The troll claws you but does no damage.
The phantom hits you but does no damage.
3576 ||| INVOKING Fiery Armour.
A protective cloak of flame settles atop you.
The troll barely misses you. The troll claws you.
The troll claws you but does no damage.
The troll is burned by your cloak of flames.
The troll is lightly wounded.
The phantom hits you but does no damage.
The phantom is burned by your cloak of flames.
You destroy the phantom!
You barely miss the troll.
The troll is lightly wounded.
The troll bites you!
The troll is burned by your cloak of flames.
The troll is moderately wounded.
The troll claws you but does no damage.
The troll is burned by your cloak of flames.
The troll is moderately wounded.
The troll claws you but does no damage.
The troll is burned by your cloak of flames.
The troll is moderately wounded.
You hit the troll. You burn the troll.
The troll is heavily wounded.
The troll bites you but does no damage.
The troll is burned by your cloak of flames.
The troll is heavily wounded.
The troll claws you but does no damage.
The troll is burned by your cloak of flames.
The troll is heavily wounded.
The troll claws you.
You die...

### ...##########
##...........#
+............#
#............#
..#####............########
....(..............>.......
#.............#######
#..T@.........#
#.............#
#.............#
#.#.#########.# #.#.# #.#
#.#.# #.#
#####################
#...................#
#..#...#...#...#...###


You could see a troll.

Vanquished Creatures
  A water moccasin (D:5)
  An ogre (D:4)
  A phantom (D:5)
  A scorpion (D:4)
  A jelly (D:4)
  A hound (D:5)
  An orc priest (D:5)
  A gnoll bouda (D:5)
  2 iguanas
  3 orc wizards
  3 gnolls (D:5)
  6 adders
  An ufetubus (D:5)
  2 dart slugs (D:1)
  12 orcs
  4 ball pythons
  8 endoplasms
  5 giant cockroaches
  11 goblins
  11 hobgoblins
  3 jackals (D:3)
  4 quokkas
  3 bats
  4 frilled lizards
  15 kobolds
  5 rats
110 creatures vanquished.

Notes
Turn   | Place    | Note
-------+----------+-------------------------------------------
     0 | D:1      | qw the Gargoyle Cinder Acolyte began the quest for the Orb.
     0 | D:1      | Reached XP level 1. HP: 14/14 MP: 2/2
     0 | D:1      | 0 ||| qw: Version: 0.2-a-95-g67ede09
     0 | D:1      | 0 ||| qw: Game counter: 197
     0 | D:1      | 0 ||| qw: Always use a shield: true
     0 | D:1      | 0 ||| qw: God list: Okawaru
     0 | D:1      | 0 ||| qw: Allow faded altars: false
     0 | D:1      | 0 ||| qw: Do Orc after D:15 true
     0 | D:1      | 0 ||| qw: Do second Lair branch before Depths: true
     0 | D:1      | 0 ||| qw: Lair rune preference: random
     0 | D:1      | 0 ||| qw: Plans: Normal
     0 | D:1      | 0 ||| PLANNING D:1-11
    37 | D:1      | 37 ||| Stepping ~*~*~tactically~*~*~ (stealth).
   115 | D:1      | 115 ||| INVOKING Fiery Armour.
   116 | D:1      | Reached skill level 3 in Axes
   158 | D:1      | 158 ||| Stepping ~*~*~tactically~*~*~ (stealth).
   164 | D:1      | Reached XP level 2. HP: 19/19 MP: 3/3
   287 | D:1      | 287 ||| Stepping ~*~*~tactically~*~*~ (stealth).
   288 | D:1      | 288 ||| Stepping ~*~*~tactically~*~*~ (stealth).
   445 | D:1      | 445 ||| Stepping ~*~*~tactically~*~*~ (stealth).
   458 | D:1      | Reached XP level 3. HP: 21/23 MP: 4/4
   513 | D:1      | 513 ||| Stepping ~*~*~tactically~*~*~ (hiding).
   628 | D:1      | 628 ||| UPGRADING to +0 ring mail.
   638 | D:1      | 638 ||| DROPPING +0 robe.
   639 | D:1      | 639 ||| READING scroll labelled BUKKIMI DOANTE.
   640 | D:1      | 640 ||| DRINKING 2 bubbling white potions.
   672 | D:2      | Found a shimmering altar of Xom.
   742 | D:2      | 742 ||| Stepping ~*~*~tactically~*~*~ (hiding).
   922 | D:2      | Found Cituw's Distillery.
   933 | D:2      | 933 ||| BUYING 2 potions of curing (60 gold).
   933 | D:2      | Bought 2 potions of curing for 60 gold pieces
   933 | D:2      | 933 ||| SHOPLISTING potion of heal wounds (50 gold, have
                  | 11).
   933 | D:2      | 933 ||| SHOPLISTING potion of mutation (80 gold, have 11).
  1324 | D:2      | 1324 ||| READING scroll labelled VEMOJI ZONYO.
  1353 | D:3      | Reached skill level 1 in Throwing
  1354 | D:3      | Reached skill level 4 in Axes
  1386 | D:3      | Reached skill level 1 in Armour
  1386 | D:3      | Reached XP level 4. HP: 26/28 MP: 5/5
  1416 | D:3      | 1416 ||| Stepping ~*~*~tactically~*~*~ (stealth).
  1515 | D:3      | 1515 ||| Stepping ~*~*~tactically~*~*~ (stealth).
  1526 | D:3      | 1526 ||| Stepping ~*~*~tactically~*~*~ (stealth).
  1527 | D:3      | 1527 ||| Stepping ~*~*~tactically~*~*~ (stealth).
  1619 | D:3      | Found a faded altar of an unknown god.
  1628 | D:3      | 1628 ||| Stepping ~*~*~tactically~*~*~ (hiding).
  1861 | D:3      | Found a shimmering blue altar of Sif Muna.
  1975 | D:3      | 1975 ||| Stepping ~*~*~tactically~*~*~ (stealth).
  1976 | D:3      | 1976 ||| Stepping ~*~*~tactically~*~*~ (stealth).
  2037 | D:3      | 2037 ||| UPGRADING to +0 scale mail.
  2047 | D:3      | 2047 ||| DROPPING +0 ring mail.
  2048 | D:3      | 2048 ||| READING scroll labelled VIFRIO KIVOITU.
  2049 | D:3      | 2049 ||| READING scroll labelled BIMYTHR DEIKK.
  2050 | D:3      | 2050 ||| READING scroll labelled UNISUN NEECHE.
  2051 | D:3      | 2051 ||| DRINKING 2 murky white potions.
  2052 | D:3      | 2052 ||| READING 3 scrolls of identify.
  2052 | D:3      | 2052 ||| IDENTIFYING glowing pink potion
  2053 | D:3      | 2053 ||| READING 2 scrolls of identify.
  2053 | D:3      | 2053 ||| IDENTIFYING black potion
  2054 | D:3      | 2054 ||| DROPPING potion of degeneration.
  2055 | D:3      | 2055 ||| DROPPING potion of attraction.
  2067 | D:4      | 2067 ||| STAIRDANCE
  2073 | D:3      | 2073 ||| INVOKING Fiery Armour.
  2073 | D:3      | HP: 6/28 [iguana (4)]
  2079 | D:3      | Reached XP level 5. HP: 5/32 MP: 6/6
  2254 | D:4      | Reached skill level 5 in Axes
  2254 | D:4      | 2254 ||| DRINKING 2 potions of curing.
  2254 | D:4      | 2254 ||| (to cure confusion)
  2363 | D:4      | Found a snail-covered altar of Cheibriados.
  2446 | D:4      | Noticed an ogre
  2455 | D:4      | Killed an ogre
  2456 | D:4      | Reached XP level 6. HP: 28/40 MP: 7/7
  3062 | D:4      | 3062 ||| UPGRADING to +0 helmet.
  3067 | D:4      | 3067 ||| READING scroll labelled DETZAQ QEALU.
  3068 | D:4      | 3068 ||| READING scroll labelled VOOPREG MISUCW.
  3071 | D:4      | 3071 ||| READING 2 scrolls labelled PIVYCAETHRU.
  3072 | D:4      | 3072 ||| READING scroll labelled QIW QAFANUWAPH.
  3173 | D:4      | 3173 ||| DRINKING 2 puce potions.
  3173 | D:4      | Gained mutation: You are dopey. (Int -2) [potion of
                  | mutation]
  3174 | D:4      | 3174 ||| READING 5 scrolls of identify.
  3174 | D:4      | 3174 ||| IDENTIFYING inky potion
  3175 | D:4      | 3175 ||| READING 4 scrolls of identify.
  3175 | D:4      | 3175 ||| IDENTIFYING ruby potion
  3176 | D:4      | 3176 ||| READING 3 scrolls of identify.
  3176 | D:4      | 3176 ||| IDENTIFYING white potion
  3177 | D:4      | 3177 ||| DROPPING potion of flight.
  3178 | D:4      | 3178 ||| DROPPING scroll of amnesia.
  3179 | D:4      | 3179 ||| DROPPING potion of lignification.
  3203 | D:5      | Entered Level 5 of the Dungeon
  3209 | D:5      | 3209 ||| Stepping ~*~*~tactically~*~*~ (hiding).
  3223 | D:5      | 3223 ||| Stepping ~*~*~tactically~*~*~ (hiding).
  3228 | D:5      | 3228 ||| INVOKING Fiery Armour.
  3235 | D:5      | Reached XP level 7. HP: 37/44 MP: 8/8
  3245 | D:5      | 3245 ||| Stepping ~*~*~tactically~*~*~ (hiding).
  3246 | D:5      | 3246 ||| Stepping ~*~*~tactically~*~*~ (hiding).
  3321 | D:5      | 3321 ||| DRINKING 3 potions of curing.
  3321 | D:5      | 3321 ||| (to cure confusion)
  3322 | D:5      | Reached skill level 6 in Axes
  3458 | D:5      | Found a glowing golden altar of the Shining One.
  3556 | D:5      | Noticed a troll
  3576 | D:5      | 3576 ||| INVOKING Fiery Armour.
  3577 | D:5      | HP: 5/44 [troll (13)]
  3578 | D:5      | Slain by a troll

Levels and vault maps discovered:
D:1:      minmay_arrival_split_and_join, layout_rooms
D:2:      layout_loops_ring, basic_altar, serial_shops,
          nicolae_shop_just_a_little_nook, minmay_tetromino_s4
D:3:      layout_basic, amcnicky_altar_gilded, ebering_ecumenical_altar_hall,
          columned_hall_lemuel
D:4:      corexii_shack_village, layout_basic, mainiacjoe_overflow_paths,
          minmay_misc_feat_encased
D:5:      layout_basic, lemuel_coloured_pillars_altar, guppyfry_shop_venom,
          uniq_blork_the_orc

Skill      XL: |  1  2  3  4  5  6  7 |
---------------+----------------------+-----
Axes           | 3 4 5 6 |  6.6
Throwing       | 1 2 |  2.5
Armour         | 1 2 |  2.3
Fighting       | 4 |  4.9
Spellcasting   | |  1.0
Fire Magic     | |  3.0

Action                     |  1- 3 |  4- 6 |  7- 9 || total
---------------------------+-------+-------+-------++-------
  Melee: Hand axe          |    98 |   160 |    64 ||   322
         Punch             |       |     1 |       ||     1
  Throw: Javelin           |    14 |    40 |     6 ||    60
         Boomerang         |       |     1 |       ||     1
 Invoke: Fiery Armour      |     1 |     2 |     1 ||     4
    Use: Scroll            |     2 |    12 |       ||    14
         Potion            |     1 |     3 |     1 ||     5
 Armour: Robe              |    13 |       |       ||    13
         Ring mail         |    11 |    19 |       ||    30
         Scale mail        |       |    68 |    37 ||   105
  Dodge: Dodged            |    42 |    70 |    22 ||   134

Table legend:
 A = Non-vault XP
 B = Vault XP
 C = Vault XP percentage of total XP
 D = Non-vault monster count
 E = Vault monster count
 F = Vault count percentage of total count
                 A         B        C        D         E       F
            +---------+---------+-------+---------+---------+-------
      Total |    1094 |      16 |   1.4 |     101 |       9 |   8.2
            +---------+---------+-------+---------+---------+-------
        D:1 |      42 |       0 |   0.0 |      23 |       0 |   0.0
        D:2 |      18 |       3 |  14.3 |      11 |       2 |  15.4
        D:3 |     138 |       0 |   0.0 |      29 |       0 |   0.0
        D:4 |     333 |      13 |   3.8 |      23 |       7 |  23.3
        D:5 |     563 |       0 |   0.0 |      15 |       0 |   0.0
            +---------+---------+-------+---------+---------+-------
